 Dungeon Crawl Stone Soup version 0.20.0-15-g7f486f2 (webtiles) character file.

185984 Soyweiser the Tortoise (level 17, -14/193 HPs)
             Began as a Minotaur Fighter on June 10, 2017.
             Was the Champion of Makhleb.
             Splashed by an oklob plant's acid (16 damage)
             ... on level 1 of the Lair of Beasts.
             The game lasted 03:11:25 (38905 turns).

Soyweiser the Tortoise (Minotaur Fighter)          Turns: 38905, Time: 03:11:26

Health: -14/193    AC:  5    Str: 24    XL:     17   Next: 83%
Magic:  25/25      EV:  2    Int:  7    God:    Makhleb [******]
Gold:   2485       SH:  2    Dex: 19    Spells: 15/16 levels left

rFire    . . .     SeeInvis +   S - +9 executioner's axe "Osmurri" {chop, rC+}
rCold    + . .     Gourm    .   (shield currently unavailable)
rNeg     + + +     Faith    .   (armour currently unavailable)
rPois    +         Spirit   .   (helmet currently unavailable)
rElec    .         Reflect  +   (cloak currently unavailable)
rCorr    .         Harm     .   (gloves currently unavailable)
MR       +....     NoTele   +   (boots currently unavailable)
Stlth    ++........             C - +2 amulet of reflection
Regen    0.5/turn               M - +5 ring of dexterity
MPRegen  0.2/turn               V - ring of the Saviour {rPois AC+1 SInv}

@: tree-form, corroded
A: (retaliatory headbutt), frail 1, strong 1
a: Minor Destruction, Lesser Servant of Makhleb, Major Destruction, Greater
Servant of Makhleb, Renounce Religion


You were on level 1 of the Lair of Beasts.
You worshipped Makhleb.
Makhleb was exalted by your worship.
You were not hungry.
You were a tree.
You visited 7 branches of the dungeon, and saw 31 of its levels.
You visited the Abyss 2 times.

You collected 4394 gold pieces.
You spent 1909 gold pieces at shops.

Inventory:

Hand Weapons
 G - a +3 flail of venom
 S - the +9 executioner's axe "Osmurri" (weapon) {chop, rC+}
   (You bought it in a shop on level 9 of the Dungeon)

   It inflicts extra damage upon your enemies.
   It protects you from cold.
Missiles
 P - 11 tomahawks (quivered)
Armour
 e - a +2 pair of gloves of archery (melded)
 i - a scarf of repulsion (melded)
 q - the +14 plate armour "Nydaever" (melded) {rElec Str+2}
   (You found it on level 8 of the Dungeon)

   It affects your strength (+2).
   It insulates you from electricity.
 x - a +1 pair of boots (melded)
 R - the +2 buckler of the Solstice {*Corrode Str+6}
   (You bought it in a shop on level 2 of the Orcish Mines)

   It affects your strength (+6).
   It may corrode you when you take damage.
Jewellery
 a - the ring of the Pariah {+Fly rPois MR- Stlth+}
   (You acquired it on level 3 of the Spider Nest)

   [ring of stealth]

   It protects you from poison.
   It affects your resistance to hostile enchantments.
   It lets you fly.
   It makes you more stealthy.
 s - an uncursed ring of protection from magic
 C - a +2 amulet of reflection (around neck)
 L - the amulet of Doeme {RegenMP rC+ MR+++ Str-3 Dex+3}
   (You acquired it on level 3 of the Spider Nest)

   [amulet of magic regeneration]

   It increases your magic regeneration.
   It affects your strength (-3).
   It affects your dexterity (+3).
   It protects you from cold.
   It affects your resistance to hostile enchantments.
 M - a +5 ring of dexterity (left branch)
 N - an uncursed ring of fire
 O - an uncursed ring of positive energy
 V - the ring of the Saviour (right branch) {rPois AC+1 SInv}
   (You acquired it on level 3 of the Spider Nest)

   [ring of protection]

   It affects your AC (+1).
   It protects you from poison.
   It lets you see invisible.
Wands
 v - a wand of paralysis (16/24)
 W - a wand of flame (21/48)
 Z - a wand of acid (13/15)
Scrolls
 b - 7 scrolls of identify
 g - 4 scrolls of fear
 j - 17 scrolls of remove curse
 t - 16 scrolls of teleportation
 J - 2 scrolls of summoning
 Y - 3 scrolls of fog
Potions
 d - 3 potions of might
 m - 4 potions of haste
 n - 9 potions of curing
 p - 3 potions of magic
 r - 2 potions of agility
 w - 2 potions of brilliance
 z - a potion of ambrosia
 E - a potion of heal wounds
 F - 5 potions of invisibility
 H - 3 potions of lignification
 I - 3 potions of cancellation
Miscellaneous
 o - a phantom mirror
 y - a lightning rod (4/4)
 U - a box of beasts
 X - a phial of floods
Comestibles
 f - 16 bread rations
 B - 27 royal jellies
 D - a fruit


   Skills:
 + Level 11.5 Fighting
 * Level 19.6(21.0) Axes
 - Level 14.0(18.4) Maces & Flails
 * Level 20.0 Armour
 - Level 6.1 Dodging
 - Level 7.9 Shields
 + Level 13.2 Invocations


You had 15 spell levels left.
You knew the following spells:

 Your Spells              Type           Power        Failure   Level  Hunger
a - Animate Skeleton      Necr           N/A          43%         1    ##.....


Dungeon Overview and Level Annotations

Branches:
Dungeon (15/15)            Temple (1/1) D:5            Lair (6/6) D:8
 Shoals (0/4) Lair:4       Spider (3/4) Lair:4        Slime (0/5) Lair:6
    Orc (2/2) D:11            Elf (3/3) Orc:2        Vaults (0/5) D:13
 Depths (1/5) D:15

Altars:
Ashenzari
Cheibriados
Dithmenos
Elyvilon
Fedhas
Gozag
Hepliaklqana
Kikubaaqudgha
Makhleb
Nemelex Xobeh
Okawaru
Qazlal
Ru
Sif Muna
Trog
Uskayaw
Vehumet
Xom
Yredelemnul
Zin
The Shining One
Beogh

Shops:
D:5 }   D:6 *(}!   D:9 (   D:10 }   D:11 ?   Orc:2 *[=(   Elf:1 (:[}!

Portals:
Trove: D:15 (give 5 potions of resistance)

Annotations:
Lair:1 exclusion: 2 oklob plants
Elf:2 4 runed doors, exclusion: 4 doors
Elf:3 exclusion: Roxanne, Roxanne


Innate Abilities, Weirdness & Mutations

((You reflexively headbutt those who attack you in melee.))
((You have a pair of horns on your head.))
You are frail. (-10% HP)
Your muscles are strong. (Str +2)


Message History

You are splashed with acid!
The acid burns!
* * * LOW HITPOINT WARNING * * *
You feel much better. The oklob plant spits acid at you.
The splash of acid hits your orange demon.
Your orange demon is splashed with acid.
The acid corrodes your orange demon!
Your orange demon stings the oklob plant from afar.
A demon appears!
The oklob plant spits acid at you.
The splash of acid misses your orange demon.
Helpless, you fail to dodge the splash of acid.
* * * LOW HITPOINT WARNING * * *
The acid corrodes you!
You are splashed with acid!
The acid burns!
* * * LOW HITPOINT WARNING * * *
The oklob plant spits acid at you. The splash of acid hits you!
* * * LOW HITPOINT WARNING * * *
You are splashed with acid!
The acid burns!
You die...

##.### #...# ## #
##.#####.# ##
#.##P#.####### .###
#.P#...P$.P".# ...#
#.##...P$$$.)#
...###......P$.43.#
#....##.##...??.?.#
##..##..##..P...♣P#
#...##..##.#######
#8.>.#..####
##...###.## ##..##
#..# #...# #.##
....## #.#
..##.###'##
...##.....#


You could see 2 oklob plants, a friendly orange demon and a friendly neqoxec.

Vanquished Creatures
  A bone dragon (Abyss:3)
  A tentacled starspawn (Abyss:3)
  A deep elf master archer (Elf:3)
  Kirke (Lair:5)
  A deep elf sorcerer (Elf:3)
  An orc warlord (Orc:2)
  A draconian annihilator (Abyss:2)
  An emperor scorpion (Spider:3)
  Aizul (Elf:3)
  An entropy weaver (Spider:1)
  2 deep elf demonologists (Elf:1)
  A deep elf annihilator (Elf:3)
  The ghost of Zleub the Nimble, a journeyman MfGl of Okawaru (Lair:4)
  A dire elephant (D:15)
  A deep elf death mage (Elf:3)
  Josephine (D:12)
  2 deep elf high priests
  A rakshasa (Abyss:3)
  Harold (Lair:1)
  A great orb of eyes (Abyss:3)
  6 hydras
  A catoblepas (D:13)
  A merfolk avatar (Lair:6)
  2 ogre magi
  10 two-headed ogres
  2 alligators (D:15)
  The ghost of Gravenous the Fighter, a novice FoHu (D:9)
  5 death yaks (Lair:2)
  A centaur warrior (D:13)
  7 thrashing horrors
  12 dancing weapons
  6 orc high priests
  7 deep elf knights
  A wretched star (Abyss:2)
  A sixfirhy (Abyss:2)
  A spatial maelstrom (Abyss:2)
  7 small abominations
  3 sea snakes
  8 skeletal warriors
  A fire crab (Lair:6)
  9 deep elf archers
  10 orb spiders
  4 orc knights (Orc:2)
  4 lindwurms
  A cyclops (D:11)
  4 ugly things
  4 orc sorcerers
  44 deep elf magi
  4 oklob plants
  12 wolf spiders
  The ghost of Soyweiser the Covered, a novice GrFi of Makhleb (D:6)
  A manticore (D:15)
  A worldbinder (Abyss:3)
  A gargoyle (D:15)
  10 elephants
  5 black mambas
  2 smoke demons
  16 spiny frogs
  7 rime drakes
  An efreet (D:13)
  6 demonic crawlers
  A tengu conjurer (D:13)
  3 ancient zymes
  3 kobold demonologists
  2 ice devils (Lair:5)
  7 komodo dragons
  A queen bee (Lair:5)
  A freezing wraith (Abyss:2)
  7 trolls
  3 tyrant leeches (D:15)
  3 polar bears (Lair:6)
  20 jumping spiders
  2 merfolk
  3 meliai (Lair:5)
  A wind drake (Lair:6)
  2 hornets
  Grinder (D:3)
  7 large abominations
  8 raiju
  10 hippogriffs
  6 slime creatures (D:11)
  A centaur simulacrum (D:15)
  13 blink frogs
  5 air elementals
  26 yaks
  48 redbacks
  15 tarantellas
  3 wraiths (D:12)
  A vampire (D:8)
  5 basilisks
  3 fire bats (Abyss:3)
  A shadow (D:14)
  A human (shapeshifter) (Elf:2)
  5 water elementals
  5 wyverns
  A steam dragon (D:12)
  3 fire elementals
  9 hogs
  The ghost of Mlkhall the Ducker, an amateur FeFE (D:4)
  A chaos spawn (Abyss:2)
  A neqoxec (Abyss:3)
  A human (D:9)
  8 vampire mosquitoes
  2 hungry ghosts
  Menkaure (D:7)
  3 wargs
  6 swamp worms (Lair:5)
  Edmund (D:5)
  A harpy simulacrum (D:15)
  5 porcupines
  9 water moccasins
  A meliai simulacrum (D:15)
  6 ice beasts
  5 sky beasts
  6 black bears
  2 eyes of draining
  41 orc warriors
  3 phantoms
  27 ogres
  12 centaurs
  9 wolves
  19 crocodiles
  9 big kobolds
  27 bullfrogs
  2 wyvern zombies
  2 earth elementals (Elf:1)
  5 scorpions
  21 killer bees (Lair:5)
  A vampire bat (Orc:1)
  An electric eel (Spider:2)
  13 wights
  4 howler monkeys
  2 bullfrog zombies
  8 crimson imps
  3 starcursed masses (Abyss:2)
  2 quasits
  An iron imp (Abyss:2)
  15 jellies
  7 hounds
  Crazy Yiuf (D:6)
  7 centaur zombies
  24 orc priests
  4 bullfrog skeletons
  24 orc wizards
  5 centaur skeletons
  8 iguanas
  17 worker ants
  2 hell rats (D:15)
  A killer bee zombie (D:6)
  A hound skeleton (D:6)
  2 worker ant zombies
  3 gnolls (D:6)
  15 adders
  4 river rats (D:15)
  5 shadow imps
  2 white imps
  An ufetubus (D:15)
  An ooze (D:6)
  An adder skeleton (D:5)
  An adder zombie (D:8)
  23 worms
  4 dart slugs
  6 leopard geckos
  83 orcs
  11 giant cockroaches
  21 goblins
  6 hobgoblins
  9 jackals
  3 quokkas
  3 ball pythons
  17 bats
  9 frilled lizards
  A jackal skeleton (D:6)
  23 kobolds
  A leopard gecko skeleton (D:4)
  A quokka skeleton (D:5)
  A quokka zombie (D:5)
  13 rats
  A bush (Lair:2)
  6 fungi
  A lurking horror (Abyss:3)
  9 plants
  A starspawn tentacle (Abyss:3)
1164 creatures vanquished.

Vanquished Creatures (collateral kills)
  An entropy weaver (Spider:1)
  A thrashing horror (Abyss:3)
  A sun demon (Abyss:3)
  A manticore (Lair:6)
  An orc sorcerer (Orc:2)
  A torpor snail (Spider:1)
  A blink frog (Lair:4)
  A fire bat (Abyss:3)
  2 jellies (Lair:6)
  An orc wizard (Orc:2)
  An orc priest (Orc:2)
  A crawling corpse (Elf:1)
13 creatures vanquished.

Vanquished Creatures (others)
  An eye of draining (D:13)
  A centaur (D:12)
  A centaur zombie (D:12)
  A bat (Orc:1)
  A kobold (D:10)
  A bush (Lair:2)
  17 fungi
  A lurking horror (Abyss:2)
  16 plants
  3 starspawn tentacles (Abyss:3)
43 creatures vanquished.

Grand Total: 1220 creatures vanquished

Notes
Turn   | Place    | Note
-------+----------+-------------------------------------------
     0 | D:1      | Soyweiser the Minotaur Fighter began the quest for the Orb.
     0 | D:1      | Reached XP level 1. HP: 19/19 MP: 0/0
   248 | D:2      | Reached XP level 2. HP: 26/26 MP: 1/1
   475 | D:1      | Reached XP level 3. HP: 31/31 MP: 2/2
  1093 | D:2      | Reached skill level 5 in Maces & Flails
  1708 | D:2      | Found a sacrificial altar of Ru.
  1723 | D:2      | Found a glowing silver altar of Zin.
  1728 | D:2      | Reached XP level 4. HP: 39/39 MP: 3/3
  2274 | D:3      | Noticed Grinder
  2279 | D:4      | Noticed an ogre
  2283 | D:4      | Killed an ogre
  2283 | D:4      | Reached XP level 5. HP: 45/45 MP: 4/4
  2286 | D:4      | Noticed Edmund
  2322 | D:5      | Entered Level 5 of the Dungeon
  2499 | D:5      | Noticed an ogre
  2507 | D:5      | Killed an ogre
  2507 | D:5      | Reached XP level 6. HP: 51/51 MP: 5/5
  2942 | D:6      | Found Jipreuma's Gadget Boutique.
  2953 | D:6      | Reached XP level 7. HP: 56/57 MP: 6/6
  3051 | D:6      | Found a bloodstained altar of Trog.
  3112 | D:6      | Found Wioblik's Distillery.
  3118 | D:6      | Bought a potion of curing for 39 gold pieces
  3118 | D:6      | Bought a potion of lignification for 39 gold pieces
  3118 | D:6      | Bought a potion of degeneration for 13 gold pieces
  3127 | D:6      | Reached skill level 10 in Maces & Flails
  3171 | D:6      | Found a shattered altar of Ashenzari.
  3172 | D:6      | Found a stormy altar of Qazlal.
  3201 | D:6      | Found a glowing golden altar of the Shining One.
  3341 | D:6      | Found a white marble altar of Elyvilon.
  3394 | D:6      | Reached XP level 8. HP: 42/64 MP: 7/7
  3531 | D:6      | Learned a level 1 spell: Animate Skeleton
  3575 | D:6      | Noticed Soyweiser's ghost (novice GrFi)
  3619 | D:6      | Killed Soyweiser's ghost
  3935 | D:6      | Found Nesofoar's Assorted Antiques.
  3953 | D:6      | Bought a scroll of identify for 54 gold pieces
  4163 | D:6      | Found a runed door.
  4272 | D:7      | Noticed Menkaure
  4272 | D:7      | Noticed a hippogriff
  4429 | D:6      | Found Mackiug's Weapon Shoppe.
  4690 | D:5      | Found a blossoming altar of Fedhas.
  4737 | D:5      | Found Naut's Gadget Shop.
  4842 | D:5      | Found a staircase to the Ecumenical Temple.
  4852 | Temple   | Entered the Ecumenical Temple
  4859 | Temple   | Became a worshipper of Makhleb the Destroyer
  4957 | D:5      | Found a sparkling altar of Nemelex Xobeh.
  4957 | D:5      | Found a shadowy altar of Dithmenos.
  5158 | D:5      | Reached XP level 9. HP: 62/70 MP: 8/8
  5447 | D:5      | Killed Edmund
  5968 | D:4      | Reached skill level 4 in Armour
  5994 | D:4      | Reached * piety under Makhleb
  5994 | D:4      | Reached skill level 1 in Dodging
  6187 | D:3      | Found a hide-covered altar of Uskayaw.
  6187 | D:3      | Found an iron altar of Okawaru.
  6209 | D:4      | Noticed Mlkhall's ghost (amateur FeFE)
  6217 | D:4      | Killed Mlkhall's ghost
  6295 | D:3      | Paralysed by Grinder for 3 turns
  6303 | D:3      | Killed Grinder
  7376 | D:6      | Noticed Crazy Yiuf
  7380 | D:6      | Paralysed by Crazy Yiuf for 4 turns
  7386 | D:6      | Killed Crazy Yiuf
  7540 | D:7      | Killed Menkaure
  7540 | D:7      | Reached skill level 5 in Fighting
  7559 | D:7      | Reached skill level 5 in Armour
  7559 | D:7      | Reached skill level 5 in Shields
  7785 | D:7      | Reached ** piety under Makhleb
  8077 | D:7      | Identified a scroll of acquirement
  8276 | D:7      | Reached XP level 10. HP: 83/83 MP: 9/9
  8447 | D:8      | Found a staircase to the Lair.
  8455 | D:8      | Reached skill level 6 in Armour
  8547 | Lair:1   | Entered Level 1 of the Lair of Beasts
  8608 | D:9      | Noticed Gravenous's ghost (novice FoHu)
  8634 | D:9      | Killed Gravenous's ghost
  8634 | D:9      | Reached skill level 5 in Dodging
  8634 | D:9      | Reached skill level 1 in Invocations
  8784 | D:8      | Noticed a four-headed hydra
  8919 | D:8      | Noticed a two-headed ogre
  8931 | D:8      | Killed a two-headed ogre
  8985 | D:8      | Reached skill level 7 in Armour
  9569 | D:9      | Got a pitted leather armour
  9604 | D:9      | Identified the +1 leather armour "Woeh" {rN++ Str+2 Dex-5} (You found it on level 9 of the Dungeon)
  9640 | D:9      | Found Mobelof's Antique Weapon Shoppe.
  9770 | D:9      | Noticed a two-headed ogre
  9788 | D:9      | Killed a two-headed ogre
  9866 | D:10     | Entered Level 10 of the Dungeon
  9971 | D:10     | Reached XP level 11. HP: 53/94 MP: 12/12
 10532 | D:9      | Reached *** piety under Makhleb
 10561 | D:9      | Reached skill level 1 in Axes
 11597 | D:9      | Bought an iridescent executioner's axe for 510 gold pieces
 11605 | D:9      | Identified the +9 executioner's axe "Osmurri" {chop, rC+} (You bought it in a shop on level 9 of the Dungeon)
 11869 | D:8      | Reached skill level 5 in Axes
 12271 | D:8      | Reached skill level 5 in Invocations
 12454 | D:8      | Killed a four-headed hydra
 12630 | D:8      | Reached **** piety under Makhleb
 12661 | D:8      | Got a jewelled plate armour
 12663 | D:8      | Identified the +14 plate armour "Nydaever" {rElec Str+2} (You found it on level 8 of the Dungeon)
 12876 | Lair:1   | Reached skill level 8 in Armour
 12954 | Lair:1   | Noticed Harold
 12979 | Lair:1   | Killed Harold
 13624 | Lair:1   | Reached skill level 9 in Armour
 13629 | Lair:1   | Noticed an oklob plant
 13629 | Lair:1   | Noticed an oklob plant
 13629 | Lair:1   | Noticed an oklob plant
 14508 | D:10     | Got a dazzling scale mail
 14509 | D:10     | Identified the +2 scale mail "Lumenu Gaumi" {+Fly} (You found it on level 10 of the Dungeon)
 14532 | D:10     | Reached XP level 12. HP: 101/101 MP: 15/15
 14550 | D:10     | Found Guana's Gadget Shop.
 14758 | D:11     | Reached ***** piety under Makhleb
 15069 | D:11     | Noticed a two-headed ogre
 15077 | D:11     | Killed a two-headed ogre
 15077 | D:11     | Reached skill level 10 in Armour
 15273 | D:11     | Found Foafuist's Magic Scroll Emporium.
 15277 | D:11     | Bought a scroll of random uselessness for 13 gold pieces
 15277 | D:11     | Bought a scroll of torment for 97 gold pieces
 15321 | D:11     | Noticed a two-headed ogre
 15325 | D:11     | Killed a two-headed ogre
 15537 | D:11     | Reached skill level 10 in Axes
 15638 | D:11     | Found a staircase to the Orcish Mines.
 15647 | Orc:1    | Entered Level 1 of the Orcish Mines
 15677 | D:11     | Reached skill level 11 in Armour
 15720 | Orc:1    | Found Alint's Weapon Emporium.
 15752 | Orc:1    | Found a roughly hewn altar of Beogh.
 15785 | Orc:2    | Entered Level 2 of the Orcish Mines
 15965 | D:12     | Noticed a two-headed ogre
 15998 | D:12     | Killed a two-headed ogre
 16033 | D:12     | Noticed Josephine
 16046 | D:12     | Killed Josephine
 16783 | D:13     | Reached XP level 13. HP: 107/107 MP: 17/17
 17129 | Orc:2    | Reached skill level 12 in Armour
 17646 | Orc:2    | Found a staircase to the Elven Halls.
 17720 | Orc:2    | Noticed an orc warlord
 17751 | Orc:2    | Killed an orc warlord
 18010 | Lair:2   | Reached ****** piety under Makhleb
 18597 | Lair:2   | Reached skill level 13 in Armour
 19574 | Lair:4   | Found a hole to the Spider Nest.
 19669 | Lair:4   | Noticed Zleub's ghost (journeyman MfGl)
 19688 | Lair:4   | Killed Zleub's ghost
 19893 | Lair:4   | Reached XP level 14. HP: 114/114 MP: 20/20
 19907 | Lair:4   | Reached skill level 14 in Armour
 20167 | Lair:4   | Found a staircase to the Shoals.
 20341 | Lair:5   | Noticed Kirke
 20386 | Lair:5   | Killed Kirke
 20959 | Lair:5   | Found a frozen archway.
 21108 | Lair:5   | Reached skill level 10 in Invocations
 21319 | Lair:6   | Entered Level 6 of the Lair of Beasts
 22092 | Lair:6   | Reached skill level 15 in Armour
 22617 | Lair:6   | Reached skill level 15 in Axes
 23373 | Lair:6   | Found a staircase to the Slime Pits.
 24351 | D:10     | You fall through a shaft for 2 floors!
 24665 | Orc:2    | Reached XP level 15. HP: 54/121 MP: 21/21
 24951 | Orc:2    | Paralysed by an orc sorcerer for 6 turns
 24972 | Orc:2    | Reached skill level 16 in Armour
 25297 | Orc:2    | Found Ciereg's Antique Armour Emporium.
 25298 | Orc:2    | Found Wuowago's Antique Weapon Shoppe.
 25299 | Orc:2    | Found Hoebb's General Store.
 25299 | Orc:2    | Found Vezajets's Jewellery Emporium.
 25346 | Orc:2    | Bought a pair of glowing gloves for 157 gold pieces
 25346 | Orc:2    | Bought a crude plate armour for 588 gold pieces
 25346 | Orc:2    | Bought a steaming buckler for 199 gold pieces
 25365 | Orc:2    | Identified the +2 buckler of the Solstice {*Corrode Str+6} (You bought it in a shop on level 2 of the Orcish Mines)
 25375 | Orc:2    | Identified the +3 plate armour of Ihes {rF+} (You bought it in a shop on level 2 of the Orcish Mines)
 25933 | D:13     | Found a white marble altar of Elyvilon.
 26485 | D:13     | Found a gate to the Vaults.
 26860 | D:15     | Entered Level 15 of the Dungeon
 26890 | D:15     | Found a portal to a secret trove of treasure.
 27940 | D:15     | Got a topaz-encrusted ring mail
 28025 | D:15     | Identified the +2 ring mail of the Vestibule of Hell {rC+} (You found it on level 15 of the Dungeon)
 28342 | D:15     | Reached skill level 17 in Armour
 28395 | D:15     | Found a staircase to the Depths.
 29450 | Depths:1 | Entered Level 1 of the Depths
 29714 | Elf:1    | Entered Level 1 of the Elven Halls
 29714 | Elf:1    | Found Tousmus's Distillery.
 29756 | Elf:1    | Found Utamm's Gadget Emporium.
 29788 | Elf:1    | Found Yruurett's Book Emporium.
 29855 | Elf:1    | Identified the Reference Book on Summoning
 30446 | Elf:1    | Reached XP level 16. HP: 101/132 MP: 23/23
 30502 | Elf:1    | Found Ezuoplit's Antique Armour Emporium.
 30598 | Elf:1    | Cast into level 2 of the Abyss (a deep elf demonologist)
 30650 | Abyss:2  | Identified the Grimoire of Supportive Ice
 30664 | Abyss:2  | Found a corrupted altar of Lugonu.
 31136 | Abyss:3  | Noticed a tentacled starspawn
 31147 | Abyss:3  | Killed a tentacled starspawn
 31211 | Abyss:3  | Noticed a bone dragon
 31224 | Abyss:3  | Gained mutation: You are frail. (-10% HP) [a neqoxec]
 31250 | Abyss:3  | Reached skill level 18 in Armour
 31274 | Abyss:3  | Noticed a bone dragon
 31292 | Abyss:3  | Killed a bone dragon
 31310 | Abyss:3  | Reached skill level 10 in Fighting
 31329 | Abyss:3  | Gained mutation: Your muscles are strong. (Str +2) [a cacodemon]
 31333 | Abyss:3  | HP: 5/120 [alligator snapping turtle[a gelid corrupter] (21)]
 31334 | Abyss:3  | Noticed a tentacled starspawn
 31336 | Abyss:3  | Noticed a deep elf blademaster
 31341 | Elf:1    | Escaped the Abyss
 32004 | Elf:1    | Bought a potion of heal wounds for 100 gold pieces
 32004 | Elf:1    | Bought a potion of heal wounds for 100 gold pieces
 32050 | Elf:1    | Cast into level 2 of the Abyss (a deep elf demonologist)
 32107 | Elf:1    | Escaped the Abyss
 32257 | Elf:1    | Found Utearche's Weapon Shop.
 33284 | Elf:3    | Entered Level 3 of the Elven Halls
 33622 | Elf:2    | Found a large runed door.
 33622 | Elf:2    | Found a large runed door.
 33645 | Elf:2    | Found a large runed door.
 33645 | Elf:2    | Found a large runed door.
 33865 | Elf:3    | Noticed Aizul
 33872 | Elf:3    | Killed Aizul
 34144 | Elf:3    | Reached XP level 17. HP: 98/126 MP: 25/25
 34275 | Elf:3    | Reached skill level 19 in Armour
 35338 | Elf:3    | Noticed Roxanne
 35466 | Elf:3    | Noticed a deep elf master archer
 35484 | Elf:3    | Killed a deep elf master archer
 35624 | Elf:3    | Noticed a deep elf master archer
 35627 | Elf:3    | Noticed a deep elf blademaster
 36228 | Spider:1 | Entered Level 1 of the Spider Nest
 36408 | Spider:1 | Got a fine scimitar
 36409 | Spider:1 | Identified the cursed +2 scimitar of Mutilation {freeze, rPois Dex+2} (You found it on level 1 of the Spider Nest)
 38026 | Spider:3 | Got a warped steel ring
 38027 | Spider:3 | Identified the ring of the Saviour {rPois AC+1 SInv} (You acquired it on level 3 of the Spider Nest)
 38035 | Spider:3 | Got a sparkling bronze ring
 38035 | Spider:3 | Got a crude platinum amulet
 38036 | Spider:3 | Identified the amulet of Doeme {RegenMP rC+ MR+++ Str-3 Dex+3} (You acquired it on level 3 of the Spider Nest)
 38037 | Spider:3 | Identified the ring of the Pariah {+Fly rPois MR- Stlth+} (You acquired it on level 3 of the Spider Nest)
 38471 | Spider:3 | Reached skill level 20 in Armour
 38905 | Lair:1   | HP: 2/193 [oklob plant/splash of acid (8)]
 38905 | Lair:1   | Splashed by an oklob plant's acid

Skill      XL: |  1  2  3  4  5  6  7  8  9 10 11 12 13 14 15 16 17 |
---------------+----------------------------------------------------+-----
Maces & Flails | 3 4 5 6 7 9 11 13 14 | 14.0
Fighting       | 5 7 9 10 11 | 11.5
Armour         | 5 7 9 11 13 15 17 18 20 | 20.0
Dodging        | 4 5 6 |  6.1
Shields        | 5 7 |  7.9
Invocations    | 3 6 7 9 10 11 12 13 | 13.2
Axes           | 8 11 13 15 17 18 19 | 19.6

Action                   |  1- 3 |  4- 6 |  7- 9 | 10-12 | 13-15 | 16-18 || total
-------------------------+-------+-------+-------+-------+-------+-------++-------
Melee: Flail             |   188 |    76 |   362 |   917 |  1197 |       ||  2740
       Headbutt          |    39 |    10 |    72 |   230 |   510 |   158 ||  1019
       Executioner's axe |       |       |       |       |   480 |   684 ||  1164
       Scimitar          |       |       |       |       |       |    24 ||    24
Throw: Stone             |     2 |    13 |    35 |     3 |     3 |       ||    56
       Throwing net      |       |     1 |       |       |       |       ||     1
       Tomahawk          |       |       |     8 |    29 |    11 |    11 ||    59
Invok: Minor Destruction |       |       |       |     5 |       |     2 ||     7
       Lesser Servant of |       |       |       |       |     5 |     7 ||    12
       Major Destruction |       |       |       |       |       |     1 ||     1
       Greater Servant o |       |       |       |       |       |     1 ||     1
Evoke: Wand              |       |     7 |     1 |     1 |       |       ||     9
       Lightning rod     |       |       |       |     4 |     4 |       ||     8
  Use: Scroll            |       |     6 |    11 |    11 |    10 |    14 ||    52
       Potion            |       |     1 |     3 |       |       |     9 ||    13
 Stab: Confused          |       |       |       |     1 |       |       ||     1
       Distracted        |       |       |       |       |     5 |     1 ||     6
  Eat: Chunk             |     3 |     4 |    14 |    22 |    31 |    20 ||    94
       Royal jelly       |       |       |     2 |     2 |       |       ||     4
       Bread ration      |       |       |       |     1 |       |       ||     1
       Fruit             |       |       |       |       |    11 |     4 ||    15
       Meat ration       |       |       |       |       |     1 |     1 ||     2
Armor: Scale mail        |    51 |    18 |    65 |       |       |       ||   134
       Skin              |       |       |    32 |       |       |     1 ||    33
       Chain mail        |       |       |     5 |    15 |       |       ||    20
       Leather armour    |       |       |       |    33 |       |       ||    33
       Plate armour      |       |       |       |   185 |   831 |   692 ||  1708
Dodge: Dodged            |    35 |    26 |    59 |   220 |   542 |   475 ||  1357
       Deflected         |       |       |     1 |     7 |    33 |    50 ||    91
Block: Shield            |    63 |    30 |   156 |   495 |   622 |       ||  1366
       Reflection        |       |       |     6 |    14 |     8 |     1 ||    29
       Buckler           |       |       |       |       |    49 |    37 ||    86
       Other             |       |       |       |       |    28 |    38 ||    66
       Rpst.: Scimitar   |       |       |       |       |       |     4 ||     4
